 Dungeon Crawl Stone Soup version 0.29-a0-845-g6161e89988 (webtiles) character file.

Game seed: 17329001994575969414

10917 Aurophilus the Cleaver (level 11, -4/101 HPs)
             Began as a Minotaur Fighter on July 15, 2022.
             Was a High Priest of Okawaru.
             Slain by a skeletal warrior
             ... wielding a +0 mace
              (12 damage)
             ... on level 11 of the Dungeon.
             The game lasted 00:25:03 (12314 turns).

Aurophilus the Cleaver (Minotaur Fighter)          Turns: 12314, Time: 00:25:03

Health: -4/101     AC: 23    Str: 28    XL:     11   Next: 42%
Magic:  8/10       EV: 12    Int:  5    God:    Okawaru [*****.]
Gold:   1279       SH:  7    Dex: 11    Spells: 10/10 levels left

rFire   . . .      SeeInvis .   s - +8 war axe (freeze)
rCold   . . .      Faith    .   c - +0 buckler
rNeg    + . .      Spirit   .   t - +4 chain mail
rPois   .          Reflect  .   (helmet restricted)
rElec   .          Harm     .   m - +0 cloak
rCorr   .          Rampage  .   (no gloves)
Will    +....                   (no boots)
Stlth   ..........              (no amulet)
HPRegen 0.26/turn               p - +4 ring of protection
MPRegen 0.12/turn               b - ring "Gocsuginnu" {rN+ Will+ Str+4}

@: mighty, heroic, marked
A: horns 2, retaliatory headbutt
a: Renounce Religion, Heroism, Finesse, Duel


You were on level 11 of the Dungeon.
You worshipped Okawaru.
Okawaru was extremely pleased with you.
You visited 2 branches of the dungeon, and saw 12 of its levels.

You collected 1483 gold pieces.
You spent 204 gold pieces at shops.

Inventory:

Hand Weapons
 a - a +0 war axe of flaming
 s - a +8 war axe of freezing (weapon)
Armour
 c - a +0 buckler (worn)
 m - a +0 cloak (worn)
 t - a +4 chain mail (worn)
Jewellery
 b - the ring "Gocsuginnu" (right hand) {rN+ Will+ Str+4}
   (You found it on level 7 of the Dungeon)

   [ring of positive energy]

   Str:       It affects your strength (+4).
   rN:        It protects you from negative energy.
   Will:      It increases your willpower.
 p - a +4 ring of protection (left hand)
Wands
 k - a wand of flame (18)
 o - a wand of iceblast (11)
Scrolls
 h - 4 scrolls of silence
 i - 3 scrolls of identify
 l - 3 scrolls of magic mapping
 n - 3 scrolls of fear
 q - 3 scrolls of teleportation
 u - a scroll of blinking
 y - a scroll of fog
 z - a scroll of amnesia
Potions
 d - 2 potions of might
 e - 2 potions of curing
 f - 2 potions of brilliance
 g - 2 potions of cancellation
 j - 3 potions of lignification
 v - 2 potions of flight
 x - a potion of invisibility
Miscellaneous
 w - a box of beasts


   Skills:
 * Level 10.4(15.4) Fighting
 * Level 14.4(19.4) Axes
 * Level 10.9(15.9) Armour
 + Level 3.7(8.7) Dodging
 - Level 1.8(6.8) Stealth
 * Level 7.4(12.4) Shields


You had 10 spell levels left.
You didn't know any spells.
Your spell library contained the following spells:

 Spells                   Type           Power      Damage    Failure   Level
 Sandblast                Erth           0%         2d4       91%         1
 Blink                    Tloc           0%         N/A       97%         2
 Passwall                 Tmut/Erth      0%         N/A       97%         2
 Sublimation of Blood     Necr           0%         N/A       97%         2
 Wereblood                Tmut           0%         N/A       97%         2
 Lesser Beckoning         Tloc           0%         N/A       99%         3
 Stone Arrow              Conj/Erth      0%         3d7       99%         3
 Manifold Assault         Tloc           0%         N/A       100%        5
 Summon Hydra             Summ           Unusable   N/A       N/A         7

Dungeon Overview and Level Annotations

Branches:
Dungeon (11/15)            Temple (1/1) D:6            Lair (0/6) D:9
    Orc: D:9-12

Altars:
Ashenzari
Cheibriados
Dithmenos
Elyvilon
Fedhas
Gozag
Hepliaklqana
Kikubaaqudgha
Makhleb
Nemelex Xobeh
Okawaru
Qazlal
Sif Muna
Trog
Uskayaw
Vehumet
Wu Jian
Xom
Yredelemnul
Zin
The Shining One

Shops:
D:2 !   D:10 ?


Innate Abilities, Weirdness & Mutations

You have a pair of horns on your head.
You reflexively headbutt those who attack you in melee.


Message History

Your headbutt misses the skeletal warrior.
The skeletal warrior is heavily damaged.
You closely miss the skeletal warrior.
The skeletal warrior hits you but does no damage.
The skeletal warrior hits you with a +0 hand axe!
* * * LOW HITPOINT WARNING * * *
The skeletal warrior hits you from afar with a +0 halberd!
* * * LOW HITPOINT WARNING * * *
You feel much better.
The skeletal warrior completely misses you.
You furiously retaliate!
You headbutt the skeletal warrior, but do no damage.
You block the skeletal warrior's attack. x2
You feel very mighty all of a sudden.
The skeletal warrior hits you but does no damage.
The skeletal warrior hits you with a +0 hand axe!
The skeletal warrior closely misses you.
You gain the combat prowess of a mighty hero.
The skeletal warrior barely misses you.
The skeletal warrior hits you with a +0 hand axe!
The skeletal warrior hits you from afar with a +0 halberd!
* * * LOW HITPOINT WARNING * * *
You slash the skeletal warrior! You freeze the skeletal warrior.
You headbutt the skeletal warrior.
The skeletal warrior is heavily damaged.
You slash the skeletal warrior! You freeze the skeletal warrior.
You barely miss the skeletal warrior.
Your headbutt misses the skeletal warrior.
The skeletal warrior is heavily damaged.
You slash the skeletal warrior!
The skeletal warrior hits you with a +0 mace!
* * * LOW HITPOINT WARNING * * *
The skeletal warrior closely misses you.
You block the skeletal warrior's attack.
You closely miss the skeletal warrior.
You headbutt the skeletal warrior, but do no damage.
The skeletal warrior is heavily damaged.
You hit the skeletal warrior but do no damage.
The skeletal warrior hits you with a +0 mace!
You die...

##.#)##'#####'####.....)..##.#
...)........#. #........##.#
...#'#......# ######......#
##..........# #.######
............+ #+#
.#..........###+####....
.#...............z......
##....#.......zz##
.............!.@#
########........# #........#
#........# ......#####
.......# .......# .......


You could see 3 skeletal warriors.

Vanquished Creatures
  3 two-headed ogres
  Sonja (D:11)
  Joseph (D:7)
  Maurice (D:10)
  2 komodo dragons (D:9)
  The ghost of Phlounder the Firebug, a novice DsFE (D:5)
  A troll (D:10)
  A hornet (D:10)
  A wraith (D:10)
  Eustachio (D:6)
  A wyvern (D:9)
  14 yaks
  3 water moccasins
  An orc warrior (D:11)
  2 black bears
  5 ice beasts
  A sky beast (D:8)
  6 centaurs
  A phantom (D:5)
  3 bullfrogs
  3 kobold brigands
  8 scorpions
  2 gnoll sergeants (D:9)
  3 killer bees (D:10)
  4 howler monkeys
  8 crimson imps (D:9)
  Crazy Yiuf (D:7)
  3 gnoll boudas
  3 orc priests
  5 hounds
  Jessica (D:2)
  Terence (D:3)
  3 orc wizards
  Natasha (twice) (D:3)
  26 gnolls
  12 adders
  4 shadow imps
  A white imp (D:7)
  An ufetubus (D:6)
  A worm (D:2)
  3 dart slugs
  29 orcs
  5 ball pythons
  8 bats
  2 bat zombies (D:3)
  5 endoplasms
  7 giant cockroaches
  8 goblins
  6 hobgoblins
  4 jackals (D:3)
  3 quokkas
  2 frilled lizards (D:1)
  22 kobolds
  2 rats
  A rat zombie (D:3)
249 creatures vanquished.

Vanquished Creatures (others)
  5 fungi (D:7)
  7 plants (D:9)
12 creatures vanquished.

Grand Total: 261 creatures vanquished

Notes
Turn   | Place    | Note
-------+----------+-------------------------------------------
     0 | D:1      | Aurophilus the Minotaur Fighter began the quest for the
                  | Orb.
     0 | D:1      | Reached XP level 1. HP: 19/19 MP: 0/0
   117 | D:1      | Reached XP level 2. HP: 24/27 MP: 1/1
   733 | D:2      | Noticed Jessica
   744 | D:2      | Killed Jessica
   745 | D:2      | Reached skill level 3 in Axes
   745 | D:2      | Reached XP level 3. HP: 16/33 MP: 2/2
   762 | D:2      | Found a faded altar of an unknown god.
   786 | D:2      | Prayed at the altar of an unknown god.
   786 | D:2      | Became a worshipper of Vehumet
   786 | D:2      | Reached * piety under Vehumet
   786 | D:2      | Offered knowledge of Foxfire by Vehumet.
   937 | D:2      | Found Wuagerrexze's Distillery.
   974 | D:2      | Noticed a scorpion
   978 | D:2      | Killed a scorpion
   979 | D:2      | Reached XP level 4. HP: 35/40 MP: 3/3
  1089 | D:2      | Reached skill level 4 in Axes
  1091 | D:2      | Reached XP level 5. HP: 44/46 MP: 4/4
  2027 | D:3      | Offered knowledge of Static Discharge by Vehumet.
  2074 | D:3      | Reached skill level 5 in Axes
  2100 | D:3      | Reached ** piety under Vehumet
  2226 | D:3      | Noticed Terence
  2230 | D:3      | Killed Terence
  2404 | D:3      | Found an ancient bone altar of Kikubaaqudgha.
  2493 | D:3      | Reached XP level 6. HP: 53/53 MP: 5/5
  2510 | D:3      | Noticed Natasha
  2513 | D:3      | Killed Natasha
  2616 | D:3      | Noticed Natasha
  2625 | D:3      | Killed Natasha
  2626 | D:3      | Reached skill level 5 in Armour
  2907 | D:4      | Reached skill level 1 in Stealth
  2992 | D:4      | Reached skill level 6 in Axes
  3000 | D:4      | Offered knowledge of Inner Flame by Vehumet.
  3005 | D:4      | Reached skill level 1 in Dodging
  3390 | D:4      | Noticed an ice beast
  3398 | D:4      | Killed an ice beast
  3399 | D:4      | Reached XP level 7. HP: 51/60 MP: 6/6
  3888 | D:4      | Reached skill level 5 in Fighting
  4342 | D:5      | Entered Level 5 of the Dungeon
  4350 | D:5      | Reached skill level 7 in Axes
  4682 | D:5      | Found a runed translucent gate.
  4711 | D:5      | Reached *** piety under Vehumet
  4712 | D:5      | Reached XP level 8. HP: 42/69 MP: 7/7
  4929 | D:5      | Found a shimmering blue altar of Sif Muna.
  5057 | D:5      | Found a runed translucent gate.
  5057 | D:5      | Found a runed translucent gate.
  5058 | D:5      | Noticed Phlounder's ghost (novice DsFE)
  5080 | D:5      | Reached skill level 8 in Axes
  5315 | D:5      | Offered knowledge of Conjure Flame by Vehumet.
  5320 | D:5      | Killed Phlounder's ghost
  5321 | D:5      | Reached skill level 9 in Axes
  5321 | D:5      | Reached skill level 5 in Shields
  5473 | D:6      | Found a staircase to the Ecumenical Temple.
  5526 | Temple   | Entered the Ecumenical Temple
  5628 | Temple   | Fell from the grace of Vehumet
  5628 | Temple   | Became a worshipper of Warmaster Okawaru
  5679 | D:6      | Noticed Eustachio
  5693 | D:6      | Killed Eustachio
  5762 | D:6      | Reached XP level 9. HP: 53/78 MP: 8/8
  6349 | D:6      | Found a glowing golden altar of the Shining One.
  6694 | D:7      | Identified the ring "Gocsuginnu" {rN+ Will+ Str+4}
  6749 | D:7      | Reached skill level 10 in Axes
  6772 | D:7      | Noticed Joseph
  6781 | D:7      | Killed Joseph
  6781 | D:7      | Reached * piety under Okawaru
  7294 | D:7      | Reached skill level 11 in Axes
  7639 | D:7      | Found a runed translucent door.
  7640 | D:7      | Noticed Crazy Yiuf
  7645 | D:7      | Killed Crazy Yiuf
  7674 | D:7      | Identified a scroll of acquirement
  7675 | D:7      | Acquired 801 gold pieces
  7976 | D:8      | Reached ** piety under Okawaru
  8254 | D:8      | Found a basalt altar of Yredelemnul.
  8452 | D:9      | Noticed a komodo dragon
  8464 | D:9      | Killed a komodo dragon
  8465 | D:9      | Reached skill level 12 in Axes
  8465 | D:9      | Reached XP level 10. HP: 66/88 MP: 9/9
  8801 | D:9      | Reached *** piety under Okawaru
  8995 | D:9      | Noticed a two-headed ogre
  9004 | D:9      | Killed a two-headed ogre
  9016 | D:9      | Reached skill level 13 in Axes
  9035 | D:9      | Reached **** piety under Okawaru
  9062 | D:9      | Found a staircase to the Lair.
 10215 | D:9      | Found a hazy altar of Hepliaklqana.
 10424 | D:9      | Was forgiven by Vehumet
 10540 | D:10     | Entered Level 10 of the Dungeon
 10540 | D:10     | Found Reggont's Magic Scroll Shoppe.
 10548 | D:10     | Bought a scroll of brand weapon for 114 gold pieces
 10548 | D:10     | Bought a scroll of enchant weapon for 90 gold pieces
 10556 | D:10     | Found a radiant altar of Vehumet.
 10900 | D:10     | Reached XP level 11. HP: 73/99 MP: 10/10
 11061 | D:10     | Found a sparkling altar of Nemelex Xobeh.
 11099 | D:10     | Reached skill level 10 in Armour
 11271 | D:10     | Noticed Maurice
 11328 | D:10     | Killed Maurice
 11328 | D:10     | Reached ***** piety under Okawaru
 11329 | D:10     | Reached skill level 10 in Fighting
 11423 | D:10     | Noticed a two-headed ogre
 11428 | D:10     | Killed a two-headed ogre
 11429 | D:10     | Reached skill level 14 in Axes
 11842 | D:11     | Noticed Sonja
 11853 | D:11     | Killed Sonja
 12168 | D:11     | Noticed a two-headed ogre
 12174 | D:11     | Killed a two-headed ogre
 12297 | D:11     | Noticed a skeletal warrior
 12298 | D:11     | Noticed a skeletal warrior
 12299 | D:11     | Noticed a skeletal warrior
 12314 | D:11     | Slain by a skeletal warrior

Illustrated notes

Levels and vault maps discovered:
D:1:      amcnicky_arrival_double_pillar, layout_basic, minivault_19
D:2:      layout_loops_ring, serial_shops, nicolae_shop_behind_doors,
          hellmonk_ecumenical_altar_prayer_group,
          chequers_serial_rivers_micro_b, minmay_pentomino_o4, uniq_jessica
D:3:      layout_basic, lemuel_zombie_altar_kikubaaqudgha, uniq_terence,
          uniq_natasha
D:4:      layout_basic, nicolae_ru_the_path_less_chosen
D:5:      layout_basic, kennysheep_mini_moat, biasface_ghost_orc_armoury,
          corexii_hall_statues_i, lemuel_flamethrower_1
D:6:      layout_basic, nicolae_tso_carved_into_rock,
          minmay_temple_entry_proselytizer, minmay_tree_intersection,
          nicolae_eternal_life, uniq_eustachio
D:7:      layout_cave_pools, uniq_joseph, uniq_crazy_yiuf_cottage
D:8:      layout_loops_ring, mainiacjoe_overflow_cross_hatched
D:9:      layout_gridville, nicolae_hepliaklqana_hazy_memory,
          david_lair_shrubbed, hangedman_abyss_or_decor_passed,
          kennysheep_path_1, minmay_nine_imps
D:10:     layout_stronghold, mainiacjoe_overflow_small_starburst,
          old_standard_altar, serial_shops, nicolae_stop_n_shop_2,
          kennysheep_just_a_vault, uniq_maurice
D:11:     layout_basic, uniq_sonja
Temple:   compressed_dpeg_circular_temple

Skill      XL: |  1  2  3  4  5  6  7  8  9 10 11 |
---------------+----------------------------------+-----
Armour         | 4 5 6 7 8 9 10 | 10.9
Shields        | 4 5 6 7 |  7.4
Fighting       | 4 5 6 8 9 10 | 10.4
Axes           | 3 4 5 6 7 9 12 13 14 | 14.4
Stealth        | 1 |  1.8
Dodging        | 1 2 3 |  3.7

Action                   |  1- 3 |  4- 6 |  7- 9 | 10-12 || total
-------------------------+-------+-------+-------+-------++-------
Melee: War axe           |    38 |   139 |   254 |   188 ||   619
       Headbutt          |       |    19 |    38 |    31 ||    88
Invok: Heroism           |       |       |       |     1 ||     1
  Use: Scroll            |     3 |    10 |     7 |     3 ||    23
       Potion            |     1 |     2 |     4 |     2 ||     9
 Stab: Invisible         |       |     1 |       |       ||     1
Armor: Scale mail        |    35 |    58 |    44 |       ||   137
       Chain mail        |       |       |    88 |   124 ||   212
Dodge: Dodged            |    19 |    57 |   104 |    65 ||   245
Block: Buckler           |     7 |    27 |    51 |    59 ||   144

Table legend: (Time is in decaauts)
 A = Elapsed time spent in this place.
 B = Non-inter-level travel time spent in this place.
 C = Inter-level travel time spent in this place.
 D = Time resting spent in this place.
 E = Time spent auto-exploring this place.
 F = Levels seen in this place.
 G = Mean time per level.
                   A        B        C        D        E       F      G
               +--------+--------+--------+--------+--------+-----+--------+
         Total |  12344 |  11862 |    482 |    629 |   9494 |  12 | 1028.7 |
       Dungeon |  12226 |  11744 |    482 |    629 |   9438 |  11 | 1111.5 |
        Temple |    117 |    117 |      0 |      0 |     56 |   1 |  117.0 |
               +--------+--------+--------+--------+--------+-----+--------+

Top non-repeatable levels by time:
     D:9: 2094 daAuts
     D:4: 1487 daAuts
     D:2: 1298 daAuts
    D:10: 1194 daAuts
     D:6: 1157 daAuts
     D:5: 1065 daAuts
     D:7: 989 daAuts
     D:3: 880 daAuts
     D:8: 750 daAuts
     D:1: 734 daAuts
    D:11: 574 daAuts
  Temple: 117 daAuts
